 Dungeon Crawl Stone Soup version 0.30.0-5-g1a98f26d00 (webtiles) character file.

Game seed: 10322618027810078078

25 qeuew the Covered (level 2, -5/27 HPs)
             Began as a Minotaur Fighter on May 12, 2023.
             Slain by a kobold
             ... wielding a +2 short sword of electrocution
              (13 damage)
             ... on level 1 of the Dungeon.
             The game lasted 00:00:41 (368 turns).

qeuew the Covered (Minotaur Fighter)                 Turns: 368, Time: 00:00:43

Health: -5/27      AC:  7    Str: 20    XL:     2   Next: 86%
Magic:  1/1        EV:  9    Int:  5    God:
Gold:   14         SH:  4    Dex:  9    Spells: 1/1 levels left

rFire   . . .        a - +0 war axe
rCold   . . .        c - +0 buckler
rNeg    . . .        b - +0 scale mail
rPois   .            (helmet restricted)
rElec   .            (no cloak)
rCorr   .            (no gloves)
SInv    .            (no boots)
Will    .....        (no amulet) Stlth
                     (no ring)
HPRegen 0.24/turn    (no ring)
MPRegen 0.07/turn

%: no passive effects
@: no status effects
A: horns 2, retaliatory headbutt
a: no special abilities


You were on level 1 of the Dungeon.
You visited 1 branch of the dungeon, and saw 1 of its levels.

You collected 14 gold pieces.

Inventory:

Hand Weapons
 a - a +0 war axe (weapon)
Armour
 b - a +0 scale mail (worn)
 c - a +0 buckler (worn)
Jewellery
 g - a ring of magical power
 i - a ring of wizardry
Scrolls
 h - a scroll of blinking {unknown}
 l - a scroll of immolation {unknown}
Potions
 d - a potion of might
 e - 2 potions of brilliance {unknown}
 f - a potion of ambrosia {unknown}
 j - a potion of resistance {unknown}
 k - 3 potions of degeneration {unknown}


   Skills:
 + Level 3.8 Fighting
 + Level 2.8 Axes
 * Level 4.1 Armour
 + Level 0.9 Dodging
 + Level 3.9 Shields


You had one spell level left.
You didn't know any spells.
Your spell library was empty.

Dungeon Overview and Level Annotations

Branches:
Dungeon (1/15)

Altars:


Innate Abilities, Weirdness & Mutations

You have a pair of horns on your head.
You reflexively headbutt those who attack you in melee.


Message History

You open the door.
There is an open door here.
You open the door.
There is an open door here.
A goblin comes into view. It is wielding a +0 dagger.
The goblin shouts!
An endoplasm comes into view.
The endoplasm quivers.
There are monsters nearby!
There are monsters nearby!
The goblin hits you but does no damage.
There are monsters nearby!
You slash the endoplasm!
You kill the endoplasm!
You slash the goblin!
You kill the goblin!
Found 6 stones.
No target in view!
k - 3 ruby potions (gained 1)
e - 2 glowing purple potions (gained 1) 2 kobolds and an endoplasm come into view.
A kobold is wielding a +2 short sword of electrocution.
The kobold shouts! x2
There are monsters nearby!
There are monsters nearby!
The endoplasm barely misses you. The kobold hits you but does no damage.
You block the kobold's attack.
There are monsters nearby!
You closely miss the kobold. You slash the endoplasm!
You kill the endoplasm!
You closely miss the kobold. The kobold hits you but does no damage.
You are electrocuted!
The kobold hits you but does no damage.
There are monsters nearby!
You barely miss the kobold. You headbutt the kobold.
You kill the kobold!
You miss the kobold.
The kobold hits you with a +2 short sword of electrocution. x2
* * * LOW HITPOINT WARNING * * *
You are electrocuted!
You die...

#............# ##...#
#..........###.....
####..#..
...)...............
#........
...########.......#
#........ ...#
#.......# #.⌠...<..
...# #.......#
#........ ...#
#.......##### #........
...# ####....).K....#
##..##### ...#
#.......(@.....# #..
...# #..............#
#.
...#####..............#
#
......................#
..............###.....#
......................#
......##..............#
......##..............#
......##...........####


You could see a kobold.

Vanquished Creatures
  5 endoplasms (D:1)
  2 goblins (D:1)
  6 hobgoblins (D:1)
  A bat (D:1)
  3 frilled lizards (D:1)
  5 kobolds (D:1)
  A rat (D:1)
23 creatures vanquished.

Notes
Turn   | Place    | Note
-------+----------+-------------------------------------------
     0 | D:1      | qeuew the Minotaur Fighter began the quest for the Orb.
     0 | D:1      | Reached XP level 1. HP: 19/19 MP: 0/0
   181 | D:1      | Reached XP level 2. HP: 25/27 MP: 1/1
   224 | D:1      | Reached skill level 4 in Armour
   239 | D:1      | Found a faded altar of an unknown god.
   368 | D:1      | Slain by a kobold

Illustrated notes

Levels and vault maps discovered:
D:1:      dpeg_arrival_arbitrary_c, layout_basic,
          hellmonk_ecumenical_altar_arch_garden

Skill      XL: |  1  2 |
---------------+-------+-----
Armour         | 4 |  4.1
Fighting       | |  3.8
Axes           | |  2.8
Dodging        | |  0.9
Shields        | |  3.9

Action                     || total
---------------------------++-------
  Melee: War axe           ||    47
         Headbutt          ||     3
 Armour: Scale mail        ||    20
  Dodge: Dodged            ||    27
  Block: Buckler           ||     7
